cohdb
Replays
Latest Replays
All Replays
Popular Replays
Top Player Replays
Match Explorer
How It Works
Community
CoH3 Stats
Reddit
Sign in to upload your games and track your stats! →
Sign in with Steam
Match 45686169
Unlisted
Match 45686169
Overview
Messages
Build Orders
End
Kradschützen Motorcycle Team
Panzergrenadier Squad
Panzergrenadier Squad
Construct Light Support Kompanie
2.5-tonne Medical Truck
Selects Italian Infantry
Selects Guastatori Squad
Guastatori Squad
Guastatori Squad
Fire Support Elements
Veteran Squad Leaders
Construct Panzerarmee Kommand
ozs
Tenkes02
Arixen
Corvus
G3cko
AM
Oncle-Hô
Bobtheorangutan
0
0
Comments
sign in to comment!
No comments posted yet!